 Dungeon Crawl Stone Soup version 0.23.2-1-ga50397a6bc (webtiles) character file.

Game seed: 4063416875446466299

128 Mrkan the Sneak (level 4, -1/23 HPs)
             Began as a Spriggan Assassin on May 18, 2019.
             Killed by nerve-wracking pain
             ... invoked by a shadow imp
              (12 damage)
             ... on level 5 of the Dungeon.
             The game lasted 00:07:39 (3219 turns).

Mrkan the Sneak (Spriggan Assassin)                 Turns: 3219, Time: 00:07:40

Health: -1/23      AC:  3    Str:  7    XL:     4   Next: 87%
Magic:  5/5        EV: 19    Int: 12    God:
Gold:   181        SH:  0    Dex: 18    Spells: 3/3 levels left

rFire    . . .     SeeInvis +   q - +2 short sword (vamp)
rCold    . . .     Gourm    .   (shield restricted)
rNeg     . . .     Faith    .   c - +0 robe
rPois    .         Spirit   .   (helmet restricted)
rElec    .         Reflect  .   d - +0 cloak
rCorr    .         Harm     .   (gloves unavailable)
MR       .....                  (boots unavailable)
Stlth    ++++......             (no amulet)
HPRegen  0.07/turn              (no ring)
MPRegen  0.09/turn              (no ring)

@: very quick
A: very small, unfitting armour, see invisible, herbivore, speed 3, slow
metabolism 2
a: no special abilities


You were on level 5 of the Dungeon.
You were hungry.

You visited 1 branch of the dungeon, and saw 5 of its levels.

You collected 181 gold pieces.

Inventory:

Hand Weapons
 a - a +2 dagger
 b - a +0 blowgun
 q - a +2 vampiric short sword (weapon)
Missiles
 e - 8 poisoned needles
 f - 2 curare-tipped needles
Armour
 c - a +0 robe (worn)
 d - a +0 cloak (worn)
Jewellery
 h - a +3 ring of intelligence {unknown}
 t - a +3 ring of evasion {unknown}
Wands
 l - a wand of disintegration (14)
Scrolls
 g - 2 scrolls of teleportation {unknown}
 i - 4 scrolls of amnesia {unknown}
 k - 2 scrolls of magic mapping {unknown}
 m - 2 scrolls of immolation {unknown}
 o - a scroll of enchant armour {unknown}
 r - 2 scrolls of fog {unknown}
 u - 2 scrolls of identify {unknown}
 v - a scroll of enchant weapon {unknown}
 w - a scroll of remove curse {unknown}
Potions
 j - a potion of curing {unknown}
 n - a potion of lignification {unknown}
 p - a potion of flight {unknown}
Comestibles
 s - a ration


   Skills:
 + Level 2.2 Fighting
 * Level 4.0 Short Blades
 - Level 2.0 Throwing
 + Level 3.2 Dodging
 + Level 6.8 Stealth


You had 3 spell levels left.
You didn't know any spells.
Your spell library was empty.

Dungeon Overview and Level Annotations

Branches:
Dungeon (6/15)
 Temple: D:4-7

Altars:
Okawaru
Ru

Annotations:
D:2 Crazy Yiuf


Innate Abilities, Weirdness & Mutations

You are very small and have problems with some larger weapons.
You are too small for most types of armour.
You have supernaturally acute eyesight. (SInv)
You are a herbivore.
You cover ground extremely quickly.
You need to consume almost no food.


Message History

Found 14 gold pieces.
A howler monkey comes into view.
Found a stone staircase leading up.
There is a stone staircase leading up here.
You climb upwards.
Found a robe.
There is a stone staircase leading down here.
A howler monkey zombie comes into view.
An ice beast comes into view.
Found a trident.
You see here a trident.
You open the door.
A shadow imp comes into view.
The shadow imp shouts, "Crawl home, thou reeling-ripe weevil-witted swadder!"
Found a ring mail.
There is an open door here.
The shadow imp gestures at you. Pain shoots through your body!
Ouch! That really hurt!
You die...

#.>#
#.##########
#.#### #.# #.
#.# .
#.######.#
..##+#.#......#
.......#.######
.......#.#
.......#'#####
.......@.....#
!............#
.............#
.[...........#
.....5.#.#####
.......#.#
.......#.#
######.#.#


You could see a shadow imp.

Vanquished Creatures
  Robin (D:2)
  4 adders
  An ooze (D:2)
  A dart slug (D:1)
  A leopard gecko (D:2)
  An orc (D:3)
  5 bats
  4 giant cockroaches
  19 goblins
  8 hobgoblins
  4 jackals (D:2)
  A quokka (D:3)
  A frilled lizard (D:1)
  7 kobolds
  8 rats
66 creatures vanquished.

Notes
Turn   | Place    | Note
-------+----------+-------------------------------------------
     0 | D:1      | Mrkan the Spriggan Assassin began the quest for the Orb.
     0 | D:1      | Reached XP level 1. HP: 10/10 MP: 2/2
   120 | D:1      | Reached skill level 6 in Stealth
   173 | D:1      | Reached XP level 2. HP: 4/15 MP: 3/3
   990 | D:2      | Reached XP level 3. HP: 16/18 MP: 4/4
  1023 | D:2      | Noticed Robin
  1593 | D:2      | Found a sacrificial altar of Ru.
  2259 | D:2      | Reached XP level 4. HP: 23/23 MP: 5/5
  2319 | D:2      | Killed Robin
  2405 | D:2      | Found a runed translucent door.
  2406 | D:2      | Noticed Crazy Yiuf
  2794 | D:3      | Found an iron altar of Okawaru.
  3086 | D:3      | HP: 1/23 [orc/+0 trident (9)]
  3142 | D:3      | You fall through a shaft for 3 floors!
  3172 | D:5      | Entered Level 5 of the Dungeon
  3174 | D:5      | Noticed an ice beast
  3219 | D:5      | Killed from afar by a shadow imp

Skill      XL: |  1  2  3  4 |
---------------+-------------+-----
Stealth        | 6 |  6.8
Dodging        | 2 3 |  3.2
Short Blades   | 3 4 |  4.0
Fighting       | 2 |  2.2
Throwing       | |  2.0

Action                   |  1- 3 |  4- 6 || total
-------------------------+-------+-------++-------
Melee: Dagger            |   149 |       ||   149
       Short sword       |    35 |   103 ||   138
 Stab: Sleeping          |     8 |     9 ||    17
  Eat: Ration            |     2 |       ||     2
Armor: Robe              |    19 |    11 ||    30
Dodge: Dodged            |   107 |    70 ||   177
